 Dungeon Crawl Stone Soup version 0.28.0-53-g5a82cb258f (webtiles) character file.

Game seed: 320083272077076951

569 Kranky the Skirmisher (level 7, 0/53 HPs)
             Began as an Octopode Fighter on June 20, 2022.
             Killed from afar by an orc wizard (11 damage)
             ... with a puff of flame
             ... on level 4 of the Dungeon.
             The game lasted 00:07:52 (4744 turns).

Kranky the Skirmisher (Octopode Fighter)            Turns: 4744, Time: 00:07:53

Health: 0/53       AC:  1    Str: 16    XL:     7   Next: 33%
Magic:  7/7        EV: 14    Int: 10    God:
Gold:   183        SH:  5    Dex: 13    Spells: 6/6 levels left

rFire   . . .      SeeInvis .   a - +0 flail
rCold   . . .      Faith    .   b - +0 buckler
rNeg    . . .      Spirit   .   (helmet restricted)
rPois   .          Reflect  .   (no amulet)
rElec   .          Harm     .   (no ring)
rCorr   .          Rampage  .   (no ring)
Will    .....                   (no ring)
Stlth   +++.......              (no ring)
HPRegen 0.17/turn               (no ring)
MPRegen 0.10/turn               (no ring)
                                (no ring)
                                (no ring)

@: no status effects
A: almost no armour, amphibious, 8 rings, camouflage 1, gelatinous body 1,
(nimble swimmer 1), tentacles
a: no special abilities


You were on level 4 of the Dungeon.
You visited 1 branch of the dungeon, and saw 4 of its levels.

You collected 183 gold pieces.

Inventory:

Hand Weapons
 a - a +0 flail (weapon)
Missiles
 o - 3 poisoned darts (quivered)
Armour
 b - a +0 buckler (worn)
Jewellery
 g - a ring of fire
 s - a ring of protection from cold
Scrolls
 f - a scroll of enchant weapon {unknown}
 i - a scroll of fear {unknown}
 k - a scroll of teleportation {unknown}
 l - a scroll of vulnerability {unknown}
 n - a scroll of blinking {unknown}
Potions
 c - 2 potions of might
 d - 4 potions of berserk rage
 e - 2 potions of curing
 h - 2 potions of flight {unknown}
 j - a potion of attraction {unknown}
 m - 2 potions of lignification {unknown}
 p - a potion of mutation {unknown}
 q - a potion of heal wounds {unknown}
 r - a potion of cancellation {unknown}


   Skills:
 + Level 6.6 Fighting
 - Level 2.0 Maces & Flails
 + Level 0.4 Throwing
 + Level 4.4 Dodging
 - Level 3.0 Stealth
 + Level 3.8 Shields


You had 6 spell levels left.
You didn't know any spells.
Your spell library was empty.

Dungeon Overview and Level Annotations

Branches:
Dungeon (4/15)
 Temple: D:4-7

Altars:
Yredelemnul

Shops:
D:3 (

Annotations:
D:3 3 runed translucent doors, WaxSun's ghost, amateur DjCj


Innate Abilities, Weirdness & Mutations

You cannot wear most types of armour.
You are amphibious.
You can wear up to eight rings at the same time.
Your skin changes colour to match your surroundings (Stealth+).
Your rubbery body absorbs attacks. (AC +1, EV +1)
((You are camouflaged when in or above water. (Stealth+)))
You have tentacles for arms and can constrict up to eight enemies at once.


Message History

You hit the orc but do no damage. Your grab misses the orc.
You closely miss the orc wizard.
The orc shouts!
Your grab misses the orc wizard. You block the orc's attack.
The orc wizard gestures wildly while chanting.
The orc wizard flickers and vanishes!
Deactivating autopickup; reactivate with Ctrl-A.
Something hits you. The orc misses you.
You closely miss the orc. You grab the orc. You squeeze the orc.
You kill the orc!
Something hits you.
You hit something but do no damage. Your squeeze misses something.
You hear some strange, mumbled words.
Something tries to affect you, but you resist.
You hear some strange, mumbled words.
Something tries to affect you, but you resist.
You barely miss something. The orc barely misses you. Something hits you.
You closely miss the orc. Your grab misses the orc. You block the orc's attack.
Something hits you. The orc barely misses you.
You hit the orc. You grab the orc. You squeeze the orc.
You kill the orc!
Something hits you. Something completely misses you.
You closely miss something.
Your tentacle-slap misses something.
Something hits you.
You hit something but do no damage. Something hits you.
You barely miss something. Something hits you. x2
You miss something. Your squeeze misses something. Something hits you.
You hit something. Your squeeze misses something. Something hits you. x2
You sock something! Your squeeze misses something. Something hits you.
* * * LOW HITPOINT WARNING * * *
You miss something. Something hits you.
* * * LOW HITPOINT WARNING * * *
You barely miss something. Something hits you.
* * * LOW HITPOINT WARNING * * *
Something completely misses you.
You closely miss something. Your squeeze misses something.
You hear some strange, mumbled words.
A puff of flame appears from out of thin air!
The puff of flame hits you!
You die...

. ..... ##......
oo #....##......
### ....#......
#........
###.......
.........
####..){#
#...#.)@# .##
#......)## ....
######...## #..#
#...#...## #..#
#........##
##..#
######.†..###..#
#...#.......#
#...........#
######...#..#


There were no monsters in sight!

Vanquished Creatures
  Sigmund (D:3)
  A bullfrog (D:3)
  A howler monkey (D:3)
  A hound (D:4)
  An iguana (D:3)
  Natasha (thrice) (D:3)
  Robin (D:4)
  4 adders
  3 gnolls (D:3)
  2 worms
  3 dart slugs
  6 orcs
  6 ball pythons
  4 endoplasms
  2 giant cockroaches
  15 goblins
  11 hobgoblins
  2 jackals (D:3)
  3 kobolds
  3 quokkas
  7 bats
  3 frilled lizards (D:1)
  2 goblin zombies (D:4)
  8 rats
93 creatures vanquished.

Vanquished Creatures (others)
  A bush (D:3)
1 creature vanquished.

Grand Total: 94 creatures vanquished

Notes
Turn   | Place    | Note
-------+----------+-------------------------------------------
     0 | D:1      | Kranky the Octopode Fighter began the quest for the Orb.
     0 | D:1      | Reached XP level 1. HP: 16/16 MP: 1/1
   169 | D:1      | Reached skill level 1 in Stealth
   208 | D:1      | Reached XP level 2. HP: 21/21 MP: 2/2
   793 | D:1      | Reached XP level 3. HP: 26/26 MP: 3/3
  1585 | D:2      | Found a basalt altar of Yredelemnul.
  1605 | D:2      | Reached skill level 4 in Fighting
  2115 | D:3      | Reached XP level 4. HP: 33/33 MP: 4/4
  2284 | D:3      | Noticed Natasha
  2291 | D:3      | Killed Natasha
  2405 | D:3      | Reached skill level 5 in Fighting
  2405 | D:3      | Reached XP level 5. HP: 21/39 MP: 5/5
  2907 | D:3      | Found Liatal's Weapon Boutique.
  2933 | D:3      | Noticed Natasha
  2942 | D:3      | Killed Natasha
  2943 | D:3      | Reached XP level 6. HP: 36/45 MP: 6/6
  3015 | D:3      | Noticed Sigmund
  3023 | D:3      | Killed Sigmund
  3024 | D:3      | Reached skill level 6 in Fighting
  3229 | D:3      | Noticed Natasha
  3256 | D:3      | Killed Natasha
  3458 | D:3      | Reached XP level 7. HP: 52/52 MP: 7/7
  3532 | D:3      | Found a runed translucent gate.
  3532 | D:3      | Found a runed translucent gate.
  3532 | D:3      | Found a runed translucent gate.
  3539 | D:3      | Noticed WaxSun's ghost (amateur DjCj)
  3804 | D:4      | Noticed Robin
  4250 | D:4      | Killed Robin
  4744 | D:4      | Killed from afar by an orc wizard

Illustrated notes

Levels and vault maps discovered:
D:1:      dpeg_chamrin_arrival_tetris, layout_basic, solitary_fountain
D:2:      layout_loops_cross, basic_altar
D:3:      layout_basic, serial_shops, shop, gammafunk_ghost_necromancy,
          minmay_hedge_maze, minmay_misc_feat_chi,
          minmay_misc_feat_secret_circle, minmay_cupped, uniq_sigmund,
          uniq_natasha
D:4:      layout_layer_cave, enter_ossuary_4, hangedman_abyss_or_decor_stagger,
          uniq_robin, uniq_blork_the_orc

Skill      XL: |  1  2  3  4  5  6 |
---------------+-------------------+-----
Stealth        | 1 2 3 |  3.0
Fighting       | 4 5 6 |  6.6
Dodging        | 4 |  4.4
Maces & Flails | |  2.0
Throwing       | |  0.4
Shields        | |  3.8

Action                   |  1- 3 |  4- 6 |  7- 9 || total
-------------------------+-------+-------+-------++-------
Melee: Flail             |    79 |    65 |    68 ||   212
       Constrict         |    22 |    15 |    22 ||    59
       Tentacles         |    11 |    16 |    11 ||    38
       Punch             |       |     1 |     1 ||     2
Throw: Dart              |       |     3 |       ||     3
  Use: Potion            |       |     2 |       ||     2
 Stab: Sleeping          |    12 |     2 |     3 ||    17
Armor: Skin              |     9 |     5 |     8 ||    22
Dodge: Dodged            |    52 |    33 |    72 ||   157
Block: Buckler           |    21 |    10 |    28 ||    59
